AoeStats
← casbelt_3

Arabia

509905686Analyzed
1v1 RM · 5d ago on Sep 28, 2026· 54m 9s· 2 players
Game mode
Random Map
Map size
Tiny (2 player)
Population
200
Speed
Normal
Resources
Standard
Victory
Conquest
Starting age
Dark Age
Ending age
Imperial Age
RankedLock teamsTeams togetherTeam positionsShared explorationLock speedFull tech treeHidden civsTurbo modeCheats
Victory
Defeat
🇪🇸 Varangians · Spain
1227
+17
🇱🇺 Japanese · Luxembourg
1240
-17
casbelt_3
5:55 Loom
9:46 Feudal Age
10:33 Double-Bit Axe
14:29 Town Watch
17:57 Wheelbarrow
22:03 Bloodlines
25:13 Castle Age
25:16 Gold Mining
26:13 Fletching
26:23 Padded Archer Armor
26:55 Bow Saw
26:55 Scale Barding Armor
26:59 Husbandry
27:08 Crossbowman
27:50 Bodkin Arrow
30:06 Ballistics
30:53 Horse Collar
32:57 Leather Archer Armor
37:02 Hand Cart
40:42 Stone Mining
41:57 Chain Barding Armor
44:32 Imperial Age
42:46 Forging
44:07 Iron Casting
43:33 Scale Mail Armor
44:12 Vendel Legacy
45:52 Plate Barding Armor
44:49 Cavalier
46:52 Masonry
47:44 Chemistry
46:54 Light Cavalry
47:55 Siege Engineers
48:20 Architecture
47:14 Capped Ram
49:45 Hussar
51:15 Conscription
51:34 Elite Skirmisher
53:45 Heavy Plow
Roland Papier
6:01 Loom
6:15 Loom
6:18 Loom
9:51 Feudal Age
10:05 Man-at-Arms
15:20 Double-Bit Axe
22:53 Castle Age
23:33 Fletching
23:45 Padded Archer Armor
25:56 Gold Mining
25:48 Horse Collar
26:35 Bodkin Arrow
30:04 Wheelbarrow
33:32 Leather Archer Armor
34:54 Ballistics
37:03 Thumb Ring
42:06 Imperial Age
39:58 Elite Skirmisher
41:02 Pikeman
41:53 Squires
42:37 Scale Mail Armor
42:47 Forging
44:27 Chain Mail Armor
44:14 Bracer
48:27 Murder Holes
50:42 Halberdier
Connection lost

Rejoining the realm…

Still unreachable

The connection could not be restored.

Session expired

The server has moved on; the page needs a fresh start.